cohdb
Replays
Latest Replays
All Replays
Popular Replays
Top Player Replays
Match Explorer
How It Works
Community
CoH3 Stats
Reddit
Sign in to upload your games and track your stats! →
Sign in with Steam
Match 47392549
Unlisted
Match 47392549
Overview
Messages
Build Orders
End
Royal Engineer Section
Construct Section Command Post
Selects Canadian Shock Battlegroup
Dingo Light Scout Car
Infantry Section
Infantry Section
Selects Offensive Resupply
Selects Canadian Shock Section
Construct Platoon Command Post
Canadian Shock Section
Construct Platoon Command Post
Unlock M3 Stuart Light Tanks
Selects Incendiary Munitions
M3 Stuart Light Tank
AI Takeover
♥ ~Lady Rytsu~ ♥
Monsieur Nathan
Tomsch
Angrybirds
0
0
Comments
sign in to comment!
No comments posted yet!